 Dungeon Crawl Stone Soup version bcrawl-1.18.1 (webtiles) character file.

Game seed: 16231913717647632351

3013 wazuzu the Nimble (level 9, 0/64 HPs)
             Began as a Fairy Wizard on Nov 13, 2019.
             Was an Initiate of Dithmenos.
             Killed by divine providence
             ... invoked by an orc priest
              (14 damage)
             ... on level 7 of the Dungeon.
             The game lasted 00:17:30 (6718 turns).

wazuzu the Nimble (Fairy Wizard)                    Turns: 6718, Time: 00:17:31

Health: 0/64       AC:  7    Str:  5    XL:     9   Next: 85%
Magic:  20/20      EV: 39    Int: 25    God:    Dithmenos [......]
Gold:   417        SH:  6    Dex: 11    Spells: 16/20 levels left

rFire    + . .     SeeInvis .   E - +2 quarterstaff (chaos)
rCold    + . .     Gourm    .   (shield currently unavailable)
rNeg     . . .     Faith    .   (armour unavailable)
rPois    .         Spirit   .   w - +0 helmet
rElec    .         Reflect  .   r - scarf {rC+ rF+}
rCorr    .         Harm     .   (no gloves)
MR       .....                  (no boots)
Stlth    +.........             s - amulet of the acrobat
HPRegen  0.20/turn              (no ring)
MPRegen  0.17/turn              (no ring)

@: flying evasively
A: small, magic attunement, unstealthy, unfitting armour, able to fly, AC/SH +6
a: Stop Flying, Renounce Religion


You were on level 7 of the Dungeon.
You worshipped Dithmenos.
Dithmenos was noncommittal.
You were hungry.

You visited 2 branches of the dungeon, and saw 8 of its levels.

You collected 497 gold pieces.
You spent 80 gold pieces at shops.


Innate Abilities, Weirdness & Mutations

Your spells do not cause hunger and MP costs are reduced by 1.
Your bright wings attract enemies. (Stealth-)
You cannot fit into any form of body armour.
Your shimmering scales are hard and can block incoming attacks. (AC +6, SH +6)
You are small and have problems with some larger weapons.
You can fly continuously.


   Skills:
 + Level 7.5 Fighting
 * Level 11.6 Dodging
 - Level 1.5 Stealth
 - Level 6.0 Spellcasting
 - Level 5.0 Conjurations
   Level 1.1 Summonings
   Level 1.1 Translocations


You had 16 spell levels left.
You knew the following spells:

 Your Spells              Type           Power        Failure   Level  Hunger
a - Mephitic Cloud        Conj/Pois/Air  ###.....     11%         3    None
z - Magic Dart            Conj           ####         1%          1    None

Your spell library contained the following spells:

 Spells                   Type           Power        Failure   Level  Hunger
 Blink                    Tloc           N/A          7%          2    None
 Call Imp                 Summ           ##....       7%          2    None
 Conjure Flame            Conj/Fire      ###.....     8%          3    None
 Spider Form              Tmut/Pois      #..          22%         3    None
 Iskenderun's Battlesphe  Conj/Chrm      ###.....     58%         5    None
 Iron Shot                Conj/Erth      ###.......   99%         6    None
 Poison Arrow             Conj/Pois      ###.......   99%         6    None
 Orb of Destruction       Conj           ####......   100%        7    None
 Spellforged Servitor     Conj/Summ      ###.......   100%        7    None


Dungeon Overview and Level Annotations

Branches:
Dungeon (7/12)             Temple (1/1) D:6            Lair (0/6) D:7

Altars:
Ashenzari
Cheibriados
Dithmenos
Fedhas
Makhleb
Uskayaw
Zin

Shops:
D:4 %   D:5 !

Inventory:

Hand Weapons
 E - a +2 quarterstaff of chaos (weapon)
   (You took it off Crazy Yiuf on level 5 of the Dungeon)
Armour
 r - a scarf of resistance (worn)
   (You found it on level 3 of the Dungeon)
 w - a +0 helmet (worn)
 F - a +2 pair of gloves
Jewellery
 s - an amulet of the acrobat (around neck)
Scrolls
 e - a scroll of blinking
 i - 3 scrolls of teleportation {@r4}
 j - 3 scrolls of identify {@r9}
 n - 3 scrolls of fog
 q - 2 scrolls of remove curse {@r8}
 t - 2 scrolls of magic mapping
 u - a scroll of amnesia {unknown}
 A - 2 scrolls of fear {unknown}
Potions
 g - 4 potions of curing {@q1}
 x - a potion of haste {@q3}
 z - 2 potions of agility {unknown}
 D - a potion of mutation {!q}
Comestibles
 d - 11 rations {!d}

# #....._ #. .# #...... .
.# #..o..7 #% ## .#
##.o... .# #. .# #
###..... .#. .##.#
#......# #.# ...
####.###.###
#.#######%####.... #o...
#oo..oo.@o........###.###
#.##############.#..o##
#.# #.##.## #o# #.##o#
#.# ##.##.# #o#
#####...#.# #.#
#.o..o....# #o#
#o###...### #># #.#
##......


You could see 2 orc warriors, an orc priest and 2 orc wizards.


Message History

The orc warrior shouts!
You hear a shout! x2
Found a staircase to the Lair.
An orc priest comes into view. It is wielding a +0 hand axe.
The orc priest shouts!
An orc wizard comes into view. It is wielding a +0 dagger.
The orc warrior closely misses you.
Your magical contamination has completely faded away.
Found a glowing silver altar of Zin.
Casting: Magic Dart (safe; 1% risk of failure)
Aiming: Magic Dart (safe; 1% risk of failure)
Aim: an orc warrior, wielding a +0 trident and wearing a +0 plate armour The magic dart hits the orc warrior.
The orc wizard shouts!
You hear a shout!
An orc comes into view.
The orc warrior misses you.
Casting: Magic Dart (safe; 1% risk of failure)
Aiming: Magic Dart (safe; 1% risk of failure)
Aim: an orc warrior, wielding a +0 trident and wearing a +0 plate armour The magic dart hits the orc warrior.
You block the orc warrior's attack.
Casting: Magic Dart (safe; 1% risk of failure)
Aiming: Magic Dart (safe; 1% risk of failure)
Aim: an orc warrior, wielding a +0 trident and wearing a +0 plate armour The magic dart hits the orc warrior.
You block the orc warrior's attack. x2
Casting: Magic Dart (safe; 1% risk of failure)
Aiming: Magic Dart (safe; 1% risk of failure)
Aim: an orc warrior, wielding a +0 trident and wearing a +0 plate armour The magic dart hits the orc warrior.
The orc warrior hits you from afar with a +0 trident!!
* * * LOW HITPOINT WARNING * * *
Casting: Magic Dart (safe; 1% risk of failure)
Aiming: Magic Dart (safe; 1% risk of failure)
Aim: an orc warrior, wielding a +0 trident and wearing a +0 plate armour The magic dart hits the orc warrior.
The orc warrior closely misses you.
Casting: Magic Dart (safe; 1% risk of failure)
Aiming: Magic Dart (safe; 1% risk of failure)
Aim: an orc warrior, wielding a +0 trident and wearing a +0 plate armour The magic dart hits the orc warrior.
The orc warrior is lightly wounded.
The orc warrior barely misses you. x2
Casting: Magic Dart (safe; 1% risk of failure)
Aiming: Magic Dart (safe; 1% risk of failure)
Aim: an orc warrior, wielding a +0 trident and wearing a +0 plate armour (lightly wounded)
The magic dart hits the orc warrior.
The orc warrior is lightly wounded.
The orc warrior closely misses you.
You feel yourself speed up.
The orc warrior hits you but does no damage.
The orc wizard casts a cantrip, but nothing happens.
An orc priest comes into view. It is wielding a +0 dagger.
The orc priest shouts!
The orc priest calls upon Beogh to heal the orc warrior.
The orc warrior's wounds heal themselves!
The orc wizard miscasts a cantrip.
The orc priest calls down the wrath of Beogh upon you.
You resist with significant effort.
Found a stone staircase leading down.
There is a stone staircase leading down here.
The orc warrior shouts!
Found a ration.
Found a ration.
An orc wizard comes into view. It is wielding a +0 dagger.
The orc wizard shouts!
The orc priest invokes the aid of Beogh against you.
Beogh smites you!
* * * LOW HITPOINT WARNING * * *
The orc wizard mumbles some strange words.
The orc wizard seems to speed up.
The orc priest invokes the aid of Beogh against you.
Beogh smites you!
You die...

Action                   |  1- 3 |  4- 6 |  7- 9 || total
-------------------------+-------+-------+-------++-------
 Cast: Magic Dart        |   102 |   109 |   531 ||   742
       Mephitic Cloud    |       |       |     4 ||     4
Evoke: Wand              |       |       |    10 ||    10
  Use: Scroll            |     6 |       |     7 ||    13
       Potion            |       |       |     2 ||     2
  Eat: Chunk             |     2 |     2 |     9 ||    13
       Ration            |       |       |     1 ||     1
Armor: Skin              |     2 |     5 |    45 ||    52
Dodge: Dodged            |    20 |    37 |   265 ||   322
Block: Other             |     4 |    11 |    78 ||    93

Levels and vault maps discovered:
D:1:      saegor_arrival_simple_c, layout_loops_cross
D:2:      layout_loops_ring, bloody_makhleb, minmay_statues_item, minmay_vboxes
D:3:      layout_rooms, lemuel_round_altar, uniq_terence
D:4:      minmay_opposing_rooms, layout_basic, first_ration, serial_shops, shop,
          minmay_close_crescents, uniq_robin
D:5:      layout_basic, serial_shops, shop, uniq_eustachio,
          uniq_crazy_yiuf_cottage, uniq_ijyb
D:6:      layout_loops_ring, minmay_temple_entry_ruins, uniq_pikel, uniq_duvessa
D:7:      layout_loops_ring, vehumet_statue, lemuel_crystal_altar, zin_academy,
          lemuel_coloured_pillars_altar, erik_lair_orcish_takeover
Temple:   cyrus_temple_forest

Notes
Turn   | Place    | Note
-------+----------+-------------------------------------------
     0 | D:1      | wazuzu the Fairy Wizard began the quest for the Orb.
     0 | D:1      | Reached XP level 1. HP: 11/11 MP: 7/7
   113 | D:1      | Reached skill level 2 in Conjurations
   113 | D:1      | Reached XP level 2. HP: 11/17 MP: 9/9
   819 | D:2      | Reached skill level 3 in Conjurations
   819 | D:2      | Reached XP level 3. HP: 21/21 MP: 10/10
  1107 | D:2      | Found a burning altar of Makhleb.
  1536 | D:3      | Reached XP level 4. HP: 24/27 MP: 12/12
  1549 | D:3      | Reached skill level 4 in Conjurations
  1560 | D:3      | Reached skill level 5 in Spellcasting
  1565 | D:3      | Reached XP level 5. HP: 22/31 MP: 12/14
  1702 | D:3      | Reached skill level 5 in Conjurations
  1774 | D:3      | Noticed Terence
  1809 | D:3      | Killed Terence
  1855 | D:3      | Found a snail-covered altar of Cheibriados.
  1920 | D:3      | Reached skill level 1 in Fighting
  2250 | D:4      | Noticed a sky beast
  2257 | D:4      | Killed a sky beast
  2257 | D:4      | Reached skill level 2 in Fighting
  2257 | D:4      | Reached skill level 6 in Spellcasting
  2257 | D:4      | Reached XP level 6. HP: 32/39 MP: 17/17
  2379 | D:4      | Reached skill level 3 in Fighting
  2422 | D:4      | Found Hapuaco's Food Shop.
  2433 | D:4      | Reached XP level 7. HP: 44/46 MP: 18/18
  2602 | D:3      | Reached skill level 4 in Fighting
  2869 | D:4      | Noticed Robin
  2896 | D:4      | Killed Robin
  3000 | D:4      | Reached skill level 3 in Dodging
  3095 | D:4      | Reached skill level 5 in Fighting
  3095 | D:4      | Reached skill level 4 in Dodging
  3509 | D:5      | Entered Level 5 of the Dungeon
  3662 | D:5      | Noticed Ijyb
  3734 | D:5      | Killed Ijyb
  3734 | D:5      | Reached XP level 8. HP: 27/55 MP: 19/19
  3918 | D:5      | Found Dothinif's Distillery.
  3925 | D:5      | Bought a potion of mutation for 80 gold pieces
  3939 | D:5      | Reached skill level 5 in Dodging
  4052 | D:5      | Noticed a hippogriff
  4075 | D:5      | Killed a hippogriff
  4075 | D:5      | Reached skill level 6 in Dodging
  4288 | D:5      | Noticed Eustachio
  4311 | D:5      | Killed Eustachio
  4311 | D:5      | Reached skill level 7 in Dodging
  4396 | D:5      | Found a runed door.
  4513 | D:5      | Noticed Crazy Yiuf
  4523 | D:5      | Killed Crazy Yiuf
  4584 | D:6      | Reached skill level 6 in Fighting
  4633 | D:6      | Found a staircase to the Ecumenical Temple.
  4650 | Temple   | Entered the Ecumenical Temple
  4692 | Temple   | Became a worshipper of Dithmenos the Shadowed
  4789 | D:6      | Noticed Duvessa
  4796 | D:6      | Noticed Dowan
  5039 | D:6      | Reached skill level 8 in Dodging
  5165 | D:6      | Reached XP level 9. HP: 43/63 MP: 20/20
  5540 | D:6      | Reached skill level 9 in Dodging
  5657 | D:6      | Learned a level 3 spell: Mephitic Cloud
  5768 | D:6      | Killed Dowan
  5786 | D:6      | Killed Duvessa
  5848 | D:6      | Noticed Pikel
  5887 | D:6      | Killed Pikel
  5887 | D:6      | Reached skill level 7 in Fighting
  5887 | D:6      | Reached skill level 10 in Dodging
  6259 | D:7      | wazuzu: ??dithmenos
  6259 | D:7      | beem: dithmenos[1/3]: God of shadows. Grants the player an
                  | {umbra} at * piety ala TSO's halo, {shadow step} at **
                  | piety, {bleed smoke} at *** piety, a passive {shadow
                  | mimic}king your actions at **** piety, and {shadow form} at
                  | ***** piety.
  6432 | D:7      | Reached skill level 11 in Dodging
  6540 | D:7      | Noticed a troll
  6551 | D:7      | Killed a troll
  6648 | D:7      | Found a staircase to the Lair.
  6653 | D:7      | Found a glowing silver altar of Zin.
  6657 | D:7      | HP: 12/64 [orc warrior/+0 trident (23)]
  6716 | D:7      | HP: 14/64 [orc priest/divine providence (11)]
  6718 | D:7      | Killed from afar by an orc priest

Vanquished Creatures
  Pikel (D:6)
  A troll (D:7)
  A hippogriff (D:5)
  Eustachio (D:5)
  2 wargs (D:7)
  Duvessa (D:6)
  2 sky beasts
  2 slaves (D:6)
  A phantom (D:6)
  An ogre (D:4)
  A bullfrog (D:7)
  Dowan (D:6)
  2 scorpions (D:4)
  4 killer bees (D:6)
  A howler monkey (D:7)
  A crimson imp (D:5)
  A centaur zombie (D:7)
  An orc wizard (D:3)
  Crazy Yiuf (D:5)
  A bullfrog zombie (D:4)
  A jelly (D:5)
  Ijyb (D:5)
  4 hounds
  2 orc priests
  A bullfrog skeleton (D:4)
  A centaur skeleton (D:6)
  An iguana (D:4)
  Terence (D:3)
  7 worker ants
  A hound skeleton (D:4)
  A worker ant zombie (D:4)
  Robin (D:4)
  2 howler monkey skeletons
  6 adders
  4 gnolls (D:5)
  An adder skeleton (D:7)
  2 worms
  2 dart slugs
  7 leopard geckos
  24 orcs
  A giant cockroach (D:1)
  9 goblins
  8 hobgoblins
  3 jackals (D:2)
  4 quokkas
  A ball python (D:3)
  3 bats
  7 frilled lizards
  A jackal skeleton (D:3)
  16 kobolds
  A leopard gecko skeleton (D:4)
  4 rats
155 creatures vanquished.
